 Dungeon Crawl Stone Soup version 0.18.1-48-g4cf74bf (webtiles) character file.

2765 nikopol the Spear-Bearer (level 9, 0/81 HPs)
             Began as a Minotaur Berserker on Aug 2, 2016.
             Was an Elder of Trog.
             Slain by an orc warrior
             ... wielding a +0 scimitar
              (6 damage)
             ... on level 8 of the Dungeon.
             The game lasted 00:13:57 (5251 turns).

nikopol the Spear-Bearer (Minotaur Berserker)       Turns: 5251, Time: 00:13:58

Health: 0/81       AC:  9    Str: 21    XL:     9   Next: 42%
Magic:  8/8        EV: 14    Int:  4    God:    Trog [****..]
Gold:   289        SH:  0    Dex: 14    Spells: 0 memorised, 8 levels left

rFire  + . .     SeeInvis .     z - +0 shortbow
rCold  . . .     Gourm    +     i - +0 ring mail
rNeg   . . .     Faith    .     (shield currently unavailable)
rPois  .         Spirit   .     (helmet restricted)
rElec  .         Dismiss  .     d - +0 cloak
rCorr  .         Reflect  .     u - +0 pair of gloves
SustAt .         Harm     .     (no boots)
MR     .....                    D - amulet of the gourmand
Stlth  ..........               v - ring of loudness (curse)
                                C - ring of protection from fire

@: not resistant to hostile enchantments, extremely unstealthy
A: retaliatory headbutt, horns 2
a: Berserk, Trog's Hand, Brothers in Arms, Burn Spellbooks, Renounce Religion


You were on level 8 of the Dungeon.
You worshipped Trog.
Trog was greatly pleased with you.
You were very full.

You visited 1 branch of the dungeon, and saw 8 of its levels.

You collected 289 gold pieces.

Inventory:

Hand Weapons
 a - a +0 trident
 x - a +0 spear
 z - a +0 shortbow (weapon)
 H - a +2 spear
Missiles
 e - 129 arrows (quivered)
Armour
 b - a +0 animal skin
 d - a +0 cloak (worn)
 i - a +0 ring mail (worn)
 u - a +0 pair of gloves (worn)
Jewellery
 n - an uncursed ring of sustain attributes
 v - a cursed ring of loudness (right hand)
 B - an uncursed ring of flight
 C - a ring of protection from fire (left hand)
 D - an amulet of the gourmand (around neck)
Wands
 y - a wand of confusion (16/48)
 J - a wand of slowing (20/48)
 K - a wand of lightning (5/15)
Scrolls
 h - 6 scrolls of identify {unknown}
 j - 2 scrolls of fog {unknown}
 k - 3 scrolls of blinking {unknown}
 p - 2 scrolls of remove curse {unknown}
 r - 2 scrolls of teleportation {unknown}
 s - 3 scrolls of recharging {unknown}
Potions
 f - 3 potions of heal wounds {unknown}
 g - a potion of degeneration {unknown}
 l - a potion of brilliance {unknown}
 m - 3 potions of curing {unknown}
 o - a potion of mutation {unknown}
 q - 4 potions of invisibility {unknown}
 A - a potion of ambrosia {unknown}
 F - a potion of agility {unknown}
 G - a potion of might {unknown}
 I - a potion of resistance {unknown}
Comestibles
 c - 6 bread rations
 t - 2 beef jerkies
 w - 3 fruits
 E - a meat ration
 L - 5 chunks of flesh


   Skills:
 + Level 7.9 Fighting
 * Level 10.0 Polearms
 * Level 1.6 Bows
 + Level 7.5 Armour
 + Level 6.7 Dodging


You had 8 spell levels left.
You didn't know any spells.

Dungeon Overview and Level Annotations

Branches:
Dungeon (8/15)             Temple (0/1) D:7
   Lair: D:8-11

Altars:
Elyvilon
Nemelex Xobeh
Okawaru

Shops:
D:4 (


Innate Abilities, Weirdness & Mutations

You reflexively headbutt those who attack you in melee.
You have a pair of horns on your head.


Message History

Press: ? - help, Shift-Dir - straight line, f/p - orc warrior
Aim: an orc warrior, wielding a scimitar and wearing a plate armour (lightly wounded)
You shoot an arrow. The arrow hits the orc warrior.
The orc warrior is lightly wounded.
Firing (i - inventory):
e - 130 arrows (quivered)
Press: ? - help, Shift-Dir - straight line, f/p - orc warrior
Aim: an orc warrior, wielding a scimitar and wearing a plate armour (lightly wounded)
You shoot an arrow.
The arrow hits the orc warrior but does no damage.
The orc warrior is lightly wounded.
The orc warrior hits you with a scimitar!!
* * * LOW HITPOINT WARNING * * *
The orc priest invokes the aid of Beogh against you.
Beogh smites you!
* * * LOW HITPOINT WARNING * * *
Your ogre goes berserk!
You feel sick.
You are no longer poisoned.
The orc warrior hits you with a scimitar.
You die...

(.....#........
.o....#........
#....#........
#.(..#........
#>.o....../...
###+#...(O........
#.......oo........
#.........@.(....(
#.........##......
#.........########
#.............#####
#.................#
#.................#
+...).....#.....#.
#.........#.###.#
#....†....#.# #


You could see an orc warrior, an orc priest, 2 orcs and a friendly ogre
(berserk).

Vanquished Creatures
  Prince Ribbit (D:5)
  Sigmund (D:2)
  The ghost of dvd the Skirmisher, an amateur TrBe of Trog (D:7)
  Eustachio (D:6)
  Menkaure (D:7)
  A sky beast (D:7)
  2 phantoms (D:8)
  An ogre (D:4)
  A centaur (D:7)
  2 giant frogs (D:6)
  3 scorpions
  7 wights (D:6)
  2 crimson imps
  A giant frog zombie (D:7)
  A hound (D:4)
  A centaur skeleton (D:5)
  A jelly (D:6)
  3 orc priests
  A gnoll shaman (D:7)
  2 orc wizards
  5 iguanas
  6 worker ants
  A worker ant zombie (D:5)
  Robin (D:2)
  9 adders
  9 gnolls (D:7)
  3 shadow imps
  3 oozes
  5 worms
  3 dart slugs
  4 giant geckos
  19 orcs
  3 bats
  3 giant cockroaches
  10 goblins (D:2)
  12 hobgoblins
  11 jackals
  4 quokkas
  3 ball pythons
  A giant gecko skeleton (D:5)
  5 giant newts
  11 kobolds
  2 quokka skeletons
  6 rats
173 creatures vanquished.

Notes
Turn   | Place    | Note
--------------------------------------------------------------
     0 | D:1      | nikopol the Minotaur Berserker began the quest for the Orb.
     0 | D:1      | Reached XP level 1. HP: 19/19 MP: 0/0
   176 | D:1      | Reached XP level 2. HP: 23/27 MP: 1/1
   499 | D:2      | Noticed Sigmund
   508 | D:2      | Killed Sigmund
   508 | D:2      | Reached skill level 4 in Polearms
   508 | D:2      | Reached XP level 3. HP: 35/35 MP: 2/2
   508 | D:2      | Reached XP level 4. HP: 41/41 MP: 3/3
   508 | D:2      | Reached XP level 5. HP: 47/47 MP: 4/4
   563 | D:2      | Reached ** piety under Trog
   579 | D:2      | Found an iron altar of Okawaru.
   631 | D:2      | Reached skill level 5 in Fighting
  1001 | D:2      | Reached skill level 5 in Polearms
  1018 | D:2      | Noticed Robin
  1039 | D:2      | Killed Robin
  1387 | D:3      | Reached XP level 6. HP: 53/56 MP: 5/5
  1430 | D:3      | Reached *** piety under Trog
  2056 | D:3      | Found a white marble altar of Elyvilon.
  2242 | D:4      | Found Ehixeif's Antique Weapon Emporium.
  2465 | D:4      | Reached skill level 5 in Armour
  2465 | D:4      | Reached XP level 7. HP: 59/61 MP: 6/6
  2630 | D:4      | Reached skill level 6 in Polearms
  2680 | D:5      | Entered Level 5 of the Dungeon
  2769 | D:5      | Noticed Prince Ribbit
  2787 | D:5      | Killed Prince Ribbit
  2787 | D:5      | Reached skill level 5 in Dodging
  3282 | D:6      | Reached skill level 7 in Polearms
  3292 | D:6      | Reached XP level 8. HP: 66/70 MP: 7/7
  3336 | D:6      | Reached **** piety under Trog
  3574 | D:6      | Found a sparkling altar of Nemelex Xobeh.
  3575 | D:6      | Noticed Eustachio
  3589 | D:6      | Reached skill level 8 in Polearms
  3642 | D:6      | Killed Eustachio
  4170 | D:7      | Noticed Menkaure
  4177 | D:7      | Killed Menkaure
  4225 | D:7      | Reached skill level 9 in Polearms
  4490 | D:7      | Noticed dvd's ghost (amateur TrBe)
  4502 | D:7      | Killed dvd's ghost
  4502 | D:7      | Reached XP level 9. HP: 79/79 MP: 8/8
  4557 | D:7      | Found a staircase to the Ecumenical Temple.
  5148 | D:8      | Reached skill level 1 in Bows
  5216 | D:8      | Reached skill level 10 in Polearms
  5251 | D:8      | Slain by an orc warrior

Skill      XL: |  1  2  3  4  5  6  7  8  9 |
---------------+----------------------------+-----
Fighting       | 4 5 6 7 |  7.9
Polearms       | 4 5 7 9 10 | 10.0
Armour         | 3 4 5 7 |  7.5
Dodging        | 3 4 5 6 |  6.7
Bows           | 1 |  1.6

Action                   |  1- 3 |  4- 6 |  7- 9 || total
-------------------------+-------+-------+-------++-------
Melee: Spear             |    35 |   202 |       ||   237
       Headbutt          |     3 |    31 |    53 ||    87
       Trident           |       |    28 |   324 ||   352
 Fire: Shortbow          |       |       |    34 ||    34
Invok: Berserk           |     1 |     2 |     2 ||     5
       Brothers in Arms  |       |       |     1 ||     1
  Eat: Chunk             |       |     8 |    15 ||    23
       Meat ration       |       |       |     1 ||     1
Armor: Animal skin       |     1 |       |       ||     1
       Ring mail         |       |    42 |    86 ||   128
Dodge: Dodged            |    15 |    78 |   163 ||   256
